 Dungeon Crawl Stone Soup version 0.31.0-11-ge490571c62 (webtiles) character file.

Game seed: 11034336113964397701

47 Skitler the Trooper (level 3, -1/29 HPs)
             Began as a Mummy Fighter on Feb 2, 2024.
             Killed from afar by an orc wizard (5 damage)
             ... with a magic dart
             ... on level 2 of the Dungeon.
             The game lasted 00:02:44 (1339 turns).

Skitler the Trooper (Mummy Fighter)                 Turns: 1339, Time: 00:02:44

Health: -1/29      AC:  6    Str: 21    XL:     3   Next: 48%
Magic:  3/3        EV:  9    Int:  7    God:
Gold:   50         SH:  4    Dex: 11    Spells: 2/2 levels left

rFire   x . .        a - +0 war axe
rCold   + . .        c - +0 buckler
rNeg    + + +        b - +0 scale mail
rPois   ∞            (no helmet)
rElec   .            (no cloak)
rCorr   .            (no gloves)
SInv    .            (no boots)
Will    .....        (no amulet) Stlth
                     g - ring of flight
HPRegen 0.24/turn    (no ring)
MPRegen 0.08/turn

%: faith
@: flying
A: cold resistance 1, negative energy resistance 3, torment resistance 2, heat
vulnerability 1, in touch with death 1, no potions, faith
a: no special abilities


You were on level 2 of the Dungeon.
You visited 1 branch of the dungeon, and saw 2 of its levels.

You collected 50 gold pieces.

Inventory:

Hand Weapons
 a - a +0 war axe (weapon)
Armour
 b - a +0 scale mail (worn)
 c - a +0 buckler (worn)
Jewellery
 g - a ring of flight (left hand)
Scrolls
 d - a scroll of fog {unknown}
 e - a scroll of identify {unknown}
 f - 2 scrolls of teleportation {unknown}


   Skills:
 * Level 3.6 Fighting
 * Level 2.2 Axes
 - Level 2.4 Armour
 * Level 2.9 Shields


You had 2 spell levels left.
You didn't know any spells.
Your spell library was empty.

Dungeon Overview and Level Annotations

Branches:
Dungeon (2/15)

Altars:


Innate Abilities, Weirdness & Mutations

You are immune to poison.
Your flesh is cold resistant. (rC+)
You are immune to negative energy. (rN+++)
You are immune to unholy pain and torment.
You are vulnerable to heat. (rF-)
You are in touch with the powers of death.
You do not drink.
You have a special connection with the divine. (Faith)


Message History

You closely miss the goblin. The goblin hits you with a +0 club.
The goblin completely misses you.
You hit the endoplasm.
The endoplasm is almost dead.
You closely miss the goblin. The goblin closely misses you.
The endoplasm closely misses you.
You slash the endoplasm!
You kill the endoplasm!
You closely miss the goblin. The orc wizard casts a spell at you.
You resist with some effort. You block the goblin's attack.
The goblin barely misses you.
You slash the orc wizard!
The orc wizard is almost dead.
You hit the goblin. You hit the orc but do no damage.
The orc wizard mumbles some strange words.
The orc wizard flickers and vanishes!
Deactivating autopickup; reactivate with Ctrl-A.
The orc barely misses you. The goblin hits you but does no damage.
You closely miss the goblin.
The goblin is moderately wounded.
You barely miss the orc. You miss something. You hit the orc.
Something hits you. The orc hits you with a +0 dagger.
The goblin completely misses you. The orc hits you but does no damage. x2
You block the orc's attack. Something hits you.
The goblin hits you but does no damage.
You slash the orc!
You kill the orc!
You slash the goblin!
You kill the goblin!
You barely miss the orc. You hit something but do no damage.
Something hits you.
* * * LOW HITPOINT WARNING * * *
The orc hits you with a +0 dagger.
* * * LOW HITPOINT WARNING * * *
You closely miss something. You hit the orc.
You hear some strange, mumbled words.
A magic dart appears from out of thin air!
The magic dart hits you.
You die...

........#..###.####
........#.........#
.................#
........#.)...>.#
...#..##.......#
#.##.....##.####
#.#....####.#########
#.†...####...........
##†##......[.o@†......
#<.##.#####..{)).....#
#......# #...).......#
#......#....>.........
.........#[..........#
........###............
.......................#
.......#..#............#
...........


You could see an orc.

Vanquished Creatures
  2 adders (D:2)
  A ribbon worm (D:1)
  An orc (D:2)
  2 ball pythons (D:1)
  3 bats (D:1)
  3 endoplasms (D:2)
  A giant cockroach (D:1)
  A goblin (D:2)
  4 hobgoblins
  2 frilled lizards (D:1)
  3 rats (D:1)
23 creatures vanquished.

Notes
Turn   | Place    | Note
-------+----------+-------------------------------------------
     0 | D:1      | Skitler the Mummy Fighter began the quest for the Orb.
     0 | D:1      | Reached XP level 1. HP: 18/18 MP: 1/1
   514 | D:1      | Reached XP level 2. HP: 22/24 MP: 2/2
  1214 | D:2      | Reached XP level 3. HP: 13/29 MP: 3/3
  1339 | D:2      | Killed from afar by an orc wizard

Illustrated notes

Levels and vault maps discovered:
D:1:      saegor_arrival_simple_a, layout_basic, minmay_pentomino_x2
D:2:      layout_rooms, basic_ecumenical_altar, basic_altar

Skill      XL: |  1  2 |
---------------+-------+-----
Axes           | 2 |  2.2
Fighting       | |  3.6
Armour         | |  2.4
Shields        | |  2.9

Action                     || total
---------------------------++-------
  Melee: War axe           ||    72
 Armour: Scale mail        ||    80
  Dodge: Dodged            ||    51
  Block: Buckler           ||    21
